 Dungeon Crawl Stone Soup version 0.17.1-2-g5865329 (webtiles) character file.

1316 hsa the Ducker (level 8, -2/67 HPs)
             Began as a Merfolk Skald on Feb 5, 2016.
             Was a Follower of Okawaru.
             Succumbed to a killer bee's poison
             ... on level 5 of the Dungeon.
             The game lasted 00:32:48 (7234 turns).

hsa the Ducker (Merfolk Skald)                      Turns: 7234, Time: 00:32:48

Health: -2/67      AC:  8    Str: 14    XL:     8   Next: 59%
Magic:  6/11       EV: 19    Int: 13    God:    Okawaru [*.....]
Gold:   198        SH:  0    Dex: 14    Spells: 4 memorised, 5 levels left

rFire  . . .     SeeInvis .     k - +0 spear (pierce)
rCold  . . .     Clarity  .     b - +1 leather armour
rNeg   . . .     SustAt   .     (no shield)
rPois  .         Gourm    .     (helmet restricted)
rElec  .         Spirit   .     l - +1 cloak
rCorr  .         Warding  .     (no gloves)
rMut   .         Stasis   .     j - +1 pair of boots
MR     .....                    h - amulet of faith
Stlth  ++++......               (no ring)
                                (no ring)

@: lethally poisoned (-2 -> -26), heroism, singing, very slightly contaminated,
not resistant to hostile enchantments, stealthy
A: change form in water, swift swim, horns 1, deformed body, low mp 1, robust 1,
strong 1, evolution 1
a: Heroism, Renounce Religion, Stop Singing


You were on level 5 of the Dungeon.
You worshipped Okawaru.
Okawaru was aware of your devotion.
You were not hungry.

You visited 2 branches of the dungeon, and saw 7 of its levels.

You collected 198 gold pieces.

Inventory:

Hand Weapons
 a - a +0 spear
 g - a +0 trident
 k - a +0 spear of piercing (weapon)
Armour
 b - a +1 leather armour (worn)
 j - a +1 pair of boots (worn)
 l - a +1 cloak (worn)
Jewellery
 h - an amulet of faith (around neck)
Scrolls
 e - 3 scrolls of remove curse
 f - 2 scrolls of recharging
 p - 5 scrolls of identify
Potions
 i - a potion of brilliance
Books
 c - a book of Battle

   Spells                             Type                      Level
   a - Infusion                       Charms                       1
   b - Shroud of Golubria             Charms/Translocation         2
   c - Song of Slaying                Charms                       2
   d - Spectral Weapon                Hexes/Charms                 3
   e - Regeneration                   Charms/Necromancy            3
 r - a Necronomicon

   Spells                             Type                      Level
   a - Haunt                          Necromancy/Summoning         7
   b - Borgnjor's Revivification      Necromancy                   8
   c - Death's Door                   Charms/Necromancy            8
   d - Necromutation                  Transmutation/Necromancy     8
 t - an Akashic Record

   Spells                             Type                      Level
   a - Dispersal                      Translocation                6
   b - Malign Gateway                 Summoning/Translocation      7
   c - Disjunction                    Translocation                8
   d - Controlled Blink               Translocation                8
Comestibles
 d - 3 bread rations
 n - a slice of pizza
 o - a beef jerky
 q - 2 meat rations


   Skills:
 + Level 4.5(9.5) Fighting
 + Level 6.5(11.5) Polearms
 + Level 3.0(8.0) Armour
 + Level 7.2(12.2) Dodging
 + Level 2.8(7.8) Stealth
 + Level 3.2 Spellcasting
 + Level 4.5 Charms


You had 5 spell levels left.
You knew the following spells:

 Your Spells              Type           Power        Failure   Level  Hunger
a - Infusion              Chrm           ##....       6%          1    #......
b - Song of Slaying       Chrm           ##......     10%         2    ##.....
c - Shroud of Golubria    Chrm/Tloc      #.........   17%         2    ##.....
d - Spectral Weapon       Hex/Chrm       #.......     34%         3    ###....


Dungeon Overview and Level Annotations

Branches:
Dungeon (6/15)             Temple (1/1) D:5

Altars:
Ashenzari
Cheibriados
Dithmenos
Fedhas
Gozag
Kikubaaqudgha
Makhleb
Nemelex Xobeh
Okawaru
Qazlal
Sif Muna
Trog
Vehumet
Xom
Zin
The Shining One

Annotations:
D:6 TugoseryaHuesosov's ghost, novice DrMo


Innate Abilities, Weirdness & Mutations

You revert to your normal form in water.
You are very nimble and swift while swimming.
You have a pair of small horns on your head.
Armour fits poorly on your strangely shaped body.
Your magical capacity is low (-10% MP).
You are robust (+10% HP).
Your muscles are strong. (Str +2)
You evolve.


Message History

* * * LOW HITPOINT WARNING * * *
You feel sick. The killer bee closely misses you. The killer bee stings you.
* * * LOW HITPOINT WARNING * * *
The killer bee completely misses you. The killer bee misses you.
You barely miss the killer bee. Your punch misses the killer bee.
The killer bee is lightly wounded.
* * * LOW HITPOINT WARNING * * *
You feel sick. The killer bee completely misses you.
The killer bee stings you but does no damage.
You miss the killer bee.
The killer bee is lightly wounded.
* * * LOW HITPOINT WARNING * * *
You feel sick. The killer bee closely misses you. The killer bee misses you.
* * * LOW HITPOINT WARNING * * *
You feel sick. The killer bee closely misses you.
The killer bee closely misses you. The killer bee stings you.
* * * LOW HITPOINT WARNING * * *
You are more poisoned.
The killer bee poisons you!
You die...

...##........########.#######
..............#######.......##
#.##........#................#
...........##########........#
#.#...........#### #........#
......<.##.......# #....(...#
...###.........### #........#
..########.....### ##...<..##
..# #...######..@#############
#.###...## #....yyy### #...##
#.##.....# ##.#y##y..##.....##
#........######..ya###........(#
...............>................
#..#####.#######...###.........#
##..##.....#####...##..#....?.##
....#.8...8.#...<.<...##.#...##
....#.......#......#####.##...y


You could see a worker ant and 6 killer bees.

Vanquished Creatures
  The ghost of Restia the Firebug, a novice DEFE of Vehumet (D:5)
  Edmund (D:4)
  A phantom (D:5)
  A sky beast (D:5)
  An ogre (D:4)
  Blork the orc (D:5)
  A giant frog (D:5)
  2 scorpions
  3 vampire bats (D:4)
  2 crimson imps (D:5)
  A hound (D:4)
  2 orc priests
  An orc wizard (D:3)
  2 worker ants
  5 adders
  An adder skeleton (D:4)
  3 worms
  2 giant geckos
  9 orcs
  5 giant cockroaches
  4 goblins
  6 hobgoblins
  3 jackals (D:1)
  5 kobolds
  2 quokkas
  A ball python (D:1)
  12 bats
  2 giant cockroach zombies (D:5)
  3 giant newts
  A jackal skeleton (D:4)
  A quokka skeleton (D:4)
  A quokka zombie (D:5)
  5 rats
91 creatures vanquished.

Notes
Turn   | Place    | Note
--------------------------------------------------------------
     0 | D:1      | hsa the Merfolk Skald began the quest for the Orb.
     0 | D:1      | Reached XP level 1. HP: 16/16 MP: 3/3
   184 | D:1      | Reached XP level 2. HP: 17/22 MP: 5/5
  1204 | D:2      | Reached XP level 3. HP: 28/28 MP: 6/6
  1946 | D:3      | Found a shattered altar of Ashenzari.
  2012 | D:3      | Reached skill level 4 in Polearms
  2341 | D:3      | Learned a level 2 spell: Song of Slaying
  2421 | D:3      | Reached skill level 1 in Stealth
  2421 | D:3      | Reached XP level 4. HP: 14/34 MP: 2/7
  2827 | D:3      | Gained mutation: You evolve. [potion of mutation]
  2827 | D:3      | Gained mutation: Armour fits poorly on your strangely shaped body. [potion of mutation]
  2827 | D:3      | Gained mutation: You are robust (+10% HP). [potion of mutation]
  2828 | D:3      | Gained mutation: Your muscles are strong. (Str +2) [potion of beneficial mutation]
  2957 | D:3      | Reached skill level 1 in Armour
  3246 | D:3      | Reached XP level 5. HP: 18/45 MP: 6/8
  3454 | D:4      | Noticed an ogre
  3455 | D:4      | Noticed Edmund
  3640 | D:4      | Killed an ogre
  3640 | D:4      | Reached skill level 5 in Polearms
  3640 | D:4      | Reached XP level 6. HP: 18/51 MP: 0/9
  3814 | D:4      | Found a stormy altar of Qazlal.
  3814 | D:4      | Noticed an air elemental
  3817 | D:4      | Noticed a water elemental
  3817 | D:4      | Noticed a fire elemental
  3817 | D:4      | Noticed an earth elemental
  4178 | D:3      | Gained mutation: You have a pair of small horns on your head. [evolution]
  4314 | D:3      | Learned a level 2 spell: Shroud of Golubria
  4350 | D:4      | HP: 1/51 [Edmund/dire flail (11)]
  4351 | D:4      | Killed Edmund
  4880 | D:4      | Reached XP level 7. HP: 54/58 MP: 4/10
  5375 | D:4      | Found an iron altar of Okawaru.
  5375 | D:4      | Found an opulent altar of Gozag.
  5379 | D:4      | Became a worshipper of Warmaster Okawaru
  5605 | D:5      | Entered Level 5 of the Dungeon
  5718 | D:5      | Found an opulent altar of Gozag.
  5825 | D:5      | Noticed Restia's ghost (novice DEFE)
  5946 | D:5      | Reached skill level 5 in Dodging
  6008 | D:5      | Found a glowing golden altar of the Shining One.
  6108 | D:6      | Noticed TugoseryaHuesosov's ghost (novice DrMo)
  6321 | D:5      | Killed Restia's ghost
  6321 | D:5      | Reached skill level 6 in Polearms
  6321 | D:5      | Reached XP level 8. HP: 40/66 MP: 5/12
  6396 | D:5      | Reached * piety under Okawaru
  6586 | D:5      | Learned a level 3 spell: Spectral Weapon
  6646 | D:5      | Found a staircase to the Ecumenical Temple.
  6714 | Temple   | Entered the Ecumenical Temple
  6789 | D:5      | Reached skill level 7 in Dodging
  6803 | D:5      | Noticed Blork the orc
  6814 | D:5      | Killed Blork the orc
  7169 | D:5      | Gained mutation: Your magical capacity is low (-10% MP). [evolution]
  7233 | D:5      | HP: 3/67 [poisoned by a killer bee]
  7233 | D:5      | HP: 1/67 [killer bee (2)]
  7234 | D:5      | Succumbed to a killer bee's poison

Action                   |  1- 3 |  4- 6 |  7- 9 || total
-------------------------+-------+-------+-------++-------
Melee: Spear             |   166 |   176 |   279 ||   621
       Trident           |       |       |     9 ||     9
 Cast: Infusion          |     1 |     6 |    17 ||    24
       Song of Slaying   |       |     1 |     5 ||     6
Invok: Heroism           |       |       |     1 ||     1
  Use: Potion            |     5 |     6 |     3 ||    14
       Scroll            |       |     6 |     4 ||    10
 Stab: Sleeping          |     5 |     1 |       ||     6
  Eat: Chunk             |     2 |       |     2 ||     4
       Bread ration      |     1 |     1 |     2 ||     4
       Beef jerky        |       |     1 |       ||     1
